 Dungeon Sprint DCSS version 0.30-a0-778-g2ef04afb54 (webtiles) character file.

Game seed: 5581408759876258049

798 dialectric the Covert (level 7, -2/56 HPs)
             Began as a Demonspawn Brigand on Feb 17, 2023.
             Was an Initiate of Jiyva.
             Slain by a boulder beetle (50 damage)
             ... in the Dungeon (Sprint II: "The Violet Keep of Menkaure").
             The game lasted 00:02:14 (469 turns).

dialectric the Covert (Demonspawn Brigand)           Turns: 469, Time: 00:02:15

Health: -2/56      AC:  5    Str: 12    XL:     7   Next: 58%
Magic:  7/7        EV: 14    Int: 12    God:    Jiyva [......]
Gold:   729        SH:  4    Dex: 16    Spells: 6/6 levels left

rFire   . . .      SeeInvis +    a - +2 dagger
rCold   . . .      Faith    .    (no shield)
rNeg    . . .      Spirit   .    b - +0 robe
rPois   .          Reflect  .    (helmet unavailable)
rElec   .          Harm     .    c - +0 cloak
rCorr   .          Rampage  .    (no gloves)
Will    .....      NoTele   +    (no boots)
Stlth   ++++++                   (no amulet)
HPRegen 0.29/turn                (no ring)
MPRegen 0.10/turn                (no ring)

@: no status effects
A: antennae 3, yellow scales 1, condensation shield
a: Renounce Religion


You were in the Dungeon.
You worshipped Jiyva.
Jiyva was noncommittal.
You visited 1 branch You collected 729 gold pieces.

Inventory:

Hand Weapons
 a - a +2 dagger (weapon)
Missiles
 d - 8 poisoned darts (quivered)
 e - 3 curare-tipped darts
Armour
 b - a +0 robe (worn)
 c - a +0 cloak (worn)
Potions
 f - a potion of heal wounds
 h - a potion of haste
 i - 2 potions of magic


   Skills:
 + Level 5.1 Fighting
 + Level 5.4 Short Blades
 - Level 2.6 Throwing
 * Level 4.7 Dodging
 * Level 14.2 Stealth
 + Level 0.2 Shields


You had 6 spell levels left.
You didn't know any spells.
Your spell library was empty.

Dungeon Overview and Level Annotations

Branches:
Dungeon (1/1)

Altars:
Cheibriados
Dithmenos
Fedhas
Gozag
Hepliaklqana
Kikubaaqudgha
Makhleb
Nemelex Xobeh
Okawaru
Qazlal
Ru
Sif Muna
Trog
Uskayaw
Vehumet
Wu Jian
Xom
Yredelemnul
Jiyva
Lugonu

Shops:
D :=[(!!!==?[*

Annotations:
D exclusions: oklob plant and orange crystal statue


Innate Abilities, Weirdness & Mutations

You have a pair of large antennae on your head. (SInv)
You are partially covered in yellow scales. (AC +2)
A meltable shield of frost defends you. (SH +4)


Message History

You are no longer poisoned.
There is an open door here.
You see here 243 gold pieces.
You close the door.
You now have 729 gold pieces (gained 243).
You hear a distant slurping noise.
You hear a distant slurping noise.
There is an open door here.
You close the door.
You hear a distant slurping noise.
There is a staircase leading out of the dungeon here.
Nothing appears to happen.
There is an open door here.
You hear a distant slurping noise.
You hear a distant slurping noise.
There is an open door here.
You enter the shallow water.
Moving in this stuff is going to be slow.
You hear a slurping noise.
You open the door.
A blink frog comes into view.
Found a potion of heal wounds.
There is an open door here.
The helpless blink frog fails to defend itself.
You perforate the blink frog like a sieve!!!
You kill the blink frog!
Your Fighting skill increases to level 5!
Your Short Blades skill increases to level 5!
Your Stealth skill increases to level 14!
You hear a distant slurping noise.
You hear a squelching noise.
f - a potion of heal wounds
There is an open door here.
You enter the shallow water.
Moving in this stuff is going to be slow.
You hear a distant slurping noise.
The walls and floor vibrate strangely for a moment.
The boulder beetle curls into a ball and begins rolling!
The boulder beetle hits you!!!
Ouch! That really hurt!
You die...

###~~#+++#+++##
########~~~.........#{{
.......#~~~~.##'##..# {
...⌠...#~~~~##.#.##.####
..∩.∩..#~~~~#..#.†#....#
.∩.∩...#~~#####.#####{.#
∩.∩.∩.∩#~##.###'###.##{.
.∩...∩.#~#...##.##.#.#{.
∩.....∩@~'.##'.<.+###+{.
.......#B###.##.##.#.#{.
▓▓▓▓▓###○##.# #+###.##..
$x######~°### $#. ###~~.
x[ {{ ##~°~#.{ °B#~~~~~
P #'#°##{ {##~~~~~ {
#.#~§##{##~~~≈≈≈ ### ~§~
~~~~§~§§ { +§#+++#§≈≈§


You could see a boulder beetle (rolling), an oklob plant (dormant) and 2 unseen
horrors.

Vanquished Creatures
  A blink frog (D)
  2 wyverns (D)
  A water moccasin (D)
  4 scorpions (D)
  3 worms (D)
11 creatures vanquished.

Vanquished Creatures (others)
  Kirke (D)
  A great orb of eyes (D)
  A glowing orange brain (D)
  Sonja (D)
  A slime creature (D)
  2 hogs (D)
  Menkaure (D)
  3 jellies (D)
11 creatures vanquished.

Grand Total: 22 creatures vanquished

Notes
Turn   | Place    | Note
-------+----------+-------------------------------------------
     0 | D        | dialectric the Demonspawn Brigand began the quest for the
                  | Orb.
     0 | D        | Reached XP level 1. HP: 16/16 MP: 1/1
    19 | D        | Reached skill level 4 in Stealth
    25 | D        | Reached skill level 1 in Dodging
    25 | D        | Reached skill level 5 in Stealth
    25 | D        | Gained mutation: A meltable shield of frost defends you.
                  | (SH +4) [demonic ancestry]
    25 | D        | Reached XP level 2. HP: 22/22 MP: 2/2
    45 | D        | Found Ijunugoy's Magic Scroll Shoppe.
    45 | D        | Found Zel Igh's Armour Shoppe.
    45 | D        | Found Qouczu's Jewellery Emporium.
    45 | D        | Found Ytoib's Distillery.
    45 | D        | Found Ciosky's Jewellery Shoppe.
    46 | D        | Found Veunwe Bauca's Distillery.
    46 | D        | Found Nomajeom's Distillery.
    47 | D        | Found Hinkajy's Antique Weapon Shoppe.
    47 | D        | Found Qiocs's Antique Armour Emporium.
    48 | D        | Found Gush's General Store.
    49 | D        | Found Inevuuc's Jewellery Shoppe.
    49 | D        | Found Qokoos's Book Emporium.
    49 | D        | Noticed a water moccasin
    49 | D        | Noticed an oklob plant
    60 | D        | Noticed a boulder beetle
    60 | D        | Noticed a boulder beetle
    63 | D        | Noticed a wyvern
    63 | D        | Noticed a wyvern
    68 | D        | Killed a wyvern
    69 | D        | Reached skill level 10 in Stealth
    69 | D        | Reached XP level 3. HP: 5/29 MP: 3/3
    69 | D        | Gained mutation: You are partially covered in yellow
                  | scales. (AC +2) [demonic ancestry]
    69 | D        | Reached XP level 4. HP: 6/35 MP: 4/4
    69 | D        | Gained mutation: You have a pair of small antennae on your
                  | head. [demonic ancestry]
    69 | D        | Reached XP level 5. HP: 7/41 MP: 5/5
    90 | D        | Killed Menkaure
   200 | D        | Killed a wyvern
   201 | D        | Reached skill level 11 in Stealth
   201 | D        | Gained mutation: You have a pair of antennae on your head.
                  | [demonic ancestry]
   201 | D        | Reached XP level 6. HP: 48/48 MP: 6/6
   213 | D        | Reached skill level 12 in Stealth
   230 | D        | Reached skill level 13 in Stealth
   334 | D        | Gained mutation: You have a pair of large antennae on your
                  | head. (SInv) [demonic ancestry]
   334 | D        | Reached XP level 7. HP: 47/55 MP: 7/7
   394 | D        | Noticed an orange crystal statue
   409 | D        | Found an iron altar of Okawaru.
   409 | D        | Found an opulent altar of Gozag.
   410 | D        | Found a sparkling altar of Nemelex Xobeh.
   410 | D        | Found a blossoming altar of Fedhas.
   411 | D        | Found a radiant altar of Vehumet.
   411 | D        | Found a burning altar of Makhleb.
   412 | D        | Found a hide-covered altar of Uskayaw.
   412 | D        | Found a corrupted altar of Lugonu.
   412 | D        | Found a shadowy altar of Dithmenos.
   413 | D        | Found a bloodstained altar of Trog.
   413 | D        | Found an ancient bone altar of Kikubaaqudgha.
   414 | D        | Found a basalt altar of Yredelemnul.
   414 | D        | Found a shimmering blue altar of Sif Muna.
   414 | D        | Found a viscous altar of Jiyva.
   415 | D        | Found a shimmering altar of Xom.
   415 | D        | Found a sacrificial altar of Ru.
   417 | D        | Found an ornate altar of the Wu Jian Council.
   417 | D        | Found a stormy altar of Qazlal.
   417 | D        | Found a snail-covered altar of Cheibriados.
   417 | D        | Found a hazy altar of Hepliaklqana.
   417 | D        | Noticed a hornet
   417 | D        | Noticed a polar bear
   418 | D        | Noticed a yaktaur
   424 | D        | Became a worshipper of Jiyva Jainayx the Shapeless
   429 | D        | Noticed a polar bear
   429 | D        | Killed a great orb of eyes
   430 | D        | Noticed a polar bear
   441 | D        | Killed a hog
   445 | D        | Killed a glowing orange brain
   447 | D        | Killed Sonja
   451 | D        | Killed Kirke
   454 | D        | Noticed an unseen horror
   455 | D        | Killed a hog
   459 | D        | Noticed a blink frog
   461 | D        | Killed a blink frog
   462 | D        | Reached skill level 5 in Fighting
   462 | D        | Reached skill level 5 in Short Blades
   462 | D        | Reached skill level 14 in Stealth
   462 | D        | Killed a slime creature
   469 | D        | Noticed an unseen horror
   469 | D        | Slain by a boulder beetle

Illustrated notes

Levels and vault maps discovered:
D:        the_violet_keep_of_menkaure [sprint2_stairs_cluster_1,
          sprint2_shoproom, sprint2_temple, sprint2_basic_supplies,
          sprint2_obstacle_6, sprint2_obstacle_3, sprint2_obstacle_4,
          sprint2_obstacle_5, sprint2_obstacle_2, sprint2_timed_cluster_1,
          sprint2_smallroom_cluster_1, sprint2_smallroom_final_cluster_1,
          sprint2_transparent_cluster_1, sprint2_second_timed_cluster_1,
          sprint2_sniper_area_1, sprint2_heavy_combat_area_1,
          sprint2_mutation_trap_area_1, sprint2_forest_area_1,
          sprint2_light_combat_area_1, sprint2_behind_water_1,
          sprint2_near_end_vault_1]

Skill      XL: |  1  2  3  4  5  6  7 |
---------------+----------------------+-----
Short Blades   | 2 3 4 5 |  5.4
Stealth        | 5 10 11 13 14 | 14.2
Dodging        | 1 2 3 4 |  4.7
Fighting       | 3 4 5 |  5.1
Throwing       | 2 |  2.6
Shields        | |  0.2

Action                     |  1- 3 |  4- 6 |  7- 9 || total
---------------------------+-------+-------+-------++-------
  Melee: Dagger            |    21 |    32 |     3 ||    56
         Punch             |       |     1 |       ||     1
  Throw: Dart              |       |     7 |       ||     7
    Use: Potion            |     2 |     1 |       ||     3
         Scroll            |       |       |     1 ||     1
   Stab: Sleeping          |     1 |     2 |     2 ||     5
 Armour: Robe              |       |     4 |     2 ||     6
  Dodge: Dodged            |     7 |    14 |     5 ||    26
  Block: Other             |       |     5 |       ||     5

Table legend: (Time is in decaauts)
 A = Elapsed time spent in this place.
 B = Non-inter-level travel time spent in this place.
 C = Inter-level travel time spent in this place.
 D = Time resting spent in this place.
 E = Time spent auto-exploring this place.
 F = Levels seen in this place.
 G = Mean time per level.
                   A        B        C        D        E       F      G
               +--------+--------+--------+--------+--------+-----+--------+
         Total |    475 |    475 |      0 |    285 |      0 |   1 |  475.0 |
       Dungeon |    475 |    475 |      0 |    285 |      0 |   1 |  475.0 |
               +--------+--------+--------+--------+--------+-----+--------+

Top non-repeatable levels by time:
       D: 475 daAuts
